 Dungeon Crawl Stone Soup version 0.32-a0-673-g3729bd50f8 (webtiles) character file.

Game seed: 15360442721642336030

222641 gimp the Marksdemigod (level 17, -17/125 (128) HPs)
             Began as a Demigod Hunter on Mar 10, 2024.
             Shot with a slug by a yaktaur captain (20 damage)
             ... on level 2 of the Vaults on Mar 11, 2024.
             The game lasted 01:40:13 (40714 turns).

gimp the Marksdemigod (Demigod Hunter)             Turns: 40714, Time: 01:40:14

HP:   -17/125 (128) AC: 12    Str: 14    XL:     17   Next: 90%
MP:   36/37         EV: 27    Int: 20    God:
Gold: 1186          SH:  5    Dex: 38    Spells: 22/39 levels left

rFire   + . .        b - +3 longbow (freeze)
rCold   + . .        (shield currently unavailable)
rNeg    . . .        W - +2 leather armour {Will+}
rPois   .            U - +0 helmet "Geadusch" {rElec Dex+3 Slay+3}
rElec   +            T - +0 cloak
rCorr   .            I - +1 pair of gloves
SInv    +            v - +0 pair of boots
Will    ++...        S - amulet of reflection
Stlth   +++          C - ring "Asorphuab" {rC+ Str+2 Int+5 Dex+2 SInv}
HPRegen 0.40/turn    M - ring of protection from fire
MPRegen 0.25/turn

%: reflection
@: about to teleport, lightly drained
A: high MP 1, forlorn, divine attributes
}: 1/15 runes: serpentine
a: no special abilities


You were on level 2 of the Vaults.
You visited 7 branches of the dungeon, and saw 33 of its levels.
You visited 1 bazaar.
You also visited: Ossuary.

You collected 3341 gold pieces.
You spent 2155 gold pieces at shops.

Inventory:

Hand Weapons
 a - a +0 longbow of draining
 b - a +3 longbow of freezing (weapon)
Missiles
 E - 3 curare-tipped darts
 G - a throwing net
Armour
 s - +0 swamp dragon scales
 v - a +0 pair of boots (worn)
 I - a +1 pair of gloves (worn)
 K - a +0 robe of resistance
 T - a +0 cloak (worn)
 U - the +0 helmet "Geadusch" (worn) {rElec Dex+3 Slay+3}
   (You found it on level 5 of the Lair of Beasts)

   Dex+3:     It affects your dexterity (+3).
   Slay+3:    It affects your accuracy & damage with ranged weapons and melee
   (+3).
   rElec:     It insulates you from electricity.
 W - a +2 leather armour of willpower (worn)
 Z - a +0 leather armour of fire resistance
Jewellery
 w - a ring of positive energy
 A - a ring of poison resistance
 C - the ring "Asorphuab" (left hand) {rC+ Str+2 Int+5 Dex+2 SInv}
   (You bought it in a shop on level 4 of the Snake Pit)

   [ring of protection from cold]

   Str+2:     It affects your strength (+2).
   Int+5:     It affects your intelligence (+5).
   Dex+2:     It affects your dexterity (+2).
   rC+:       It protects you from cold.
   SInv:      It lets you see invisible.
 M - a ring of protection from fire (right hand)
 R - an amulet of the acrobat
 S - an amulet of reflection (around neck)
Wands
 c - a wand of flame (34)
 d - a wand of light (12)
 r - a wand of polymorph (19)
 B - a wand of mindburst (48)
 F - a wand of paralysis (38)
 H - a wand of iceblast (17)
Scrolls
 g - 4 scrolls of enchant armour
 i - 3 scrolls of vulnerability
 l - 2 scrolls of immolation
 m - 2 scrolls of blinking
 o - 11 scrolls of teleportation
 q - 2 scrolls of fog
 y - 4 scrolls of fear
 z - 2 scrolls of revelation
 L - a scroll of identify
 P - 4 scrolls of butterflies
Potions
 e - 4 potions of brilliance
 f - 4 potions of haste
 h - 10 potions of curing
 j - a potion of might
 k - 5 potions of heal wounds
 n - 4 potions of magic
 p - a potion of lignification
 t - 7 potions of resistance
 u - 6 potions of ambrosia
 x - 3 potions of enlightenment
 D - 4 potions of invisibility
 J - 4 potions of mutation
 N - 2 potions of cancellation
Miscellaneous
 Y - a phantom mirror


   Skills:
 - Level 6.0 Fighting
 - Level 20.0 Ranged Weapons
 - Level 9.0 Armour
 - Level 11.0 Dodging
 - Level 0.8 Stealth
 + Level 11.6 Spellcasting
 - Level 8.0 Conjurations
 - Level 5.0 Air Magic
 - Level 7.0 Earth Magic
 - Level 10.0 Alchemy
 - Level 5.0 Evocations


You had 22 spell levels left.
You knew the following spells:

 Your Spells              Type           Power      Damage    Failure   Level
a - Apportation           Tloc           22%        N/A       7%          1
b - Mephitic Cloud        Conj/Alch/Air  42%        N/A       1%          3
c - Leda's Liquefaction   Alch/Erth      22%        N/A       2%          4
d - Irradiate             Conj/Alch      23%        3d19      4%          5
e - Passage of Golubria   Tloc           11%        N/A       56%         4

Your spell library contained the following spells:

 Spells                   Type           Power      Damage    Failure   Level
 Kiss of Death            Conj/Necr      100%       2d13      1%          1
 Magic Dart               Conj           100%       1d8       1%          1
 Sting                    Conj/Alch      100%       1d9       1%          1
 Mercury Vapours          Alch/Air       82%        N/A       1%          2
 Searing Ray              Conj           86%        2d7       1%          2
 Static Discharge         Conj/Air       74%        3-7/arc   1%          2
 Fulminant Prism          Conj/Alch      23%        3d12      1%          4
 Petrify                  Alch/Erth      45%        N/A       2%          4
 Hailstorm                Conj/Ice       27%        3d8       4%          3
 Freeze                   Ice            44%        1d6       7%          1
 Necrotise                Necr           44%        1d6       7%          1
 Summon Small Mammal      Summ           44%        N/A       7%          1
 Airstrike                Air            15%        2d(3-19)  9%          4
 Call Imp                 Summ           22%        N/A       11%         2
 Ensorcelled Hibernation  Hex/Ice        22%        N/A       11%         2
 Sublimation of Blood     Necr           11%        N/A       11%         2
 Lee's Rapid Deconstruct  Erth           19%        3d11*     11%         5
 Confusing Touch          Hex            11%        N/A       22%         3
 Frozen Ramparts          Ice            22%        1d4       22%         3
 Fugue of the Fallen      Necr           11%        N/A       22%         3
 Gell's Gravitas          Tloc           11%        N/A       22%         3
 Summon Ice Beast         Ice/Summ       11%        N/A       22%         3
 Teleport Other           Tloc           11%        N/A       22%         3
 Tukima's Dance           Hex            11%        N/A       22%         3
 Summon Lightning Spire   Summ/Air       21%        N/A       26%         4
 Yara's Violent Unravell  Hex/Alch       15%        3d8       26%         5
 Freezing Cloud           Conj/Ice/Air   14%        6-21      32%         5
 Bombard                  Conj/Erth      20%        9d4       45%         6
 Anguish                  Hex/Necr       5%         N/A       56%         4
 Dispel Undead            Necr           11%        3d9       56%         4
 Metabolic Englaciation   Hex/Ice        5%         N/A       89%         5
 Summon Mana Viper        Hex/Summ       11%        N/A       89%         5
 Dispersal                Tloc           5%         N/A       100%        6
 Monstrous Menagerie      Summ           5%         N/A       100%        7
 Summon Hydra             Summ           5%         N/A       100%        7


Dungeon Overview and Level Annotations

Branches:
Dungeon (15/15)            Temple (1/1) D:4            Lair (5/5) D:8
  Swamp (4/4) Lair:3        Snake (4/4) Lair:2        Slime (0/5) Lair:5
    Orc (2/2) D:12            Elf (0/3) Orc:2        Vaults (2/5) D:14
 Depths (0/4) D:15        Ossuary (visited)
  Crypt: Vaults:2-3

Shops:
D:15 :   Orc:2 *(!*   Snake:1 [   Snake:4 ::=   Vaults:2 [

Annotations:
D:2 Terence
D:4 exclusion: black bear
D:6 3 runed translucent doors, exclusion: 3 doors, Fractals's ghost, novice OpBr
D:7 Jeremiah; Maurice
D:8 Psyche
D:9 1 exclusion
D:10 3 runed translucent doors, exclusion: 3 doors, gimp's ghost, journeyman TeWr
D:11 Gastronok
Lair:1 2 transporters, exclusion: komodo dragon, pigah's ghost, journeyman CoGl
Lair:2 2 transporters
Vaults:1 1 runed translucent door, exclusion: door, Yhagabbo's ghost, adept DrCj


Innate Abilities, Weirdness & Mutations

You have an increased reservoir of magic. (+10% MP)
You shall have no god before yourself.
Your divine heritage dramatically boosts your attributes as you level up.


Message History

Aim: a deep troll (almost dead, 79% to hit)
You shoot an arrow.
The arrow closely misses the deep troll.
The arrow hits the orc knight but does no damage.
The deep troll barely misses you. You block the deep troll's attack.
The deep troll completely misses you. x2; The deep troll misses you.
The deep troll completely misses you.
Casting: Mephitic Cloud (safe; 1% risk of failure)
Confirm with . or Enter, or press ? or * to list all spells.
Aiming: Mephitic Cloud (safe; 1% risk of failure)
Press: ? - help, Shift-Dir - straight line, f/p - deep troll
Aim: a deep troll (almost dead, chance to affect: 53%)
The ball explodes into a vile cloud!
The stinking cloud engulfs the deep troll.
The deep troll is almost dead.
The stinking cloud engulfs the orc knight.
The stinking cloud engulfs you.
The stinking cloud engulfs the deep troll.
The deep troll is heavily wounded.
You are engulfed in noxious fumes.
You hear a shout!
The deep troll is engulfed in noxious fumes.
The deep troll appears confused.
The deep troll misses you. The deep troll closely misses you. x2
The deep troll is engulfed in noxious fumes.
The deep troll appears confused.
The deep troll barely misses the orc knight.
The deep troll claws the orc knight.
The deep troll claws the orc knight!
The orc knight is engulfed in noxious fumes.
The orc knight appears confused.
You now have 34/37 mp.
Unknown command.
Unknown command.
Unknown command.
A yaktaur captain comes into view.
The deep troll is engulfed in noxious fumes.
The deep troll appears confused.
The deep troll bites the deep troll!
The deep troll claws the deep troll but does no damage.
The deep troll claws the deep troll!
The deep troll is killed!
The yaktaur captain wields a +2 hand cannon of freezing.
It is covered in frost.
The yaktaur captain shoots a slug.
The slug hits you!!
* * * LOW HITPOINT WARNING * * *
The slug freezes you.
* * * LOW HITPOINT WARNING * * *
The orc knight is engulfed in noxious fumes.
The orc knight appears confused.
You take 27 damage, and have 27/123 hp.
MASSIVE DAMAGE!!
Unknown command.
You feel much better.
The deep troll is engulfed in noxious fumes.
The orc knight hits the deep troll with a +3 glaive!
An arcanist comes into view. It is wielding a +2 dagger of venom.
The yaktaur captain shoots a slug.
You block the slug with an invisible shield... and reflect it back!
The slug hits the yaktaur captain!!!
The slug freezes the yaktaur captain!
You regained 22 hp, and now have 49/123 hp.
Fire: b) +3 longbow (freeze)
Press: ? - help, Q - select action, (/) - cycle Shift-Dir - straight line, f - yaktaur captain
Aim: a yaktaur captain, wielding a +2 hand cannon of freezing (severely wounded, 88% to hit)
You shoot an arrow. The arrow hits the yaktaur captain!
The arrow freezes the yaktaur captain.
The yaktaur captain is almost dead.
The deep troll is engulfed in noxious fumes.
The orc knight laughs crazily.
Fire: b) +3 longbow (freeze)
Press: ? - help, Q - select action, (/) - cycle Shift-Dir - straight line, f/p - yaktaur captain
Aim: a yaktaur captain, wielding a +2 hand cannon of freezing (almost dead, 88% to hit)
You shoot an arrow. The arrow hits the arcanist!
The arrow freezes the arcanist.
The arcanist is moderately wounded.
Fire: b) +3 longbow (freeze)
Press: ? - help, Q - select action, (/) - cycle Shift-Dir - straight line, f - deep troll
Aim: a deep troll (noxious fumes, severely wounded, confused, 88% to hit)
You shoot an arrow. The arrow hits the deep troll!!
The arrow freezes the deep troll!
You kill the deep troll!
Fire: b) +3 longbow (freeze)
Press: ? - help, Q - select action, (/) - cycle Shift-Dir - straight line, f - yaktaur captain
Aim: a yaktaur captain, wielding a +2 hand cannon of freezing (almost dead, 88% to hit)
You shoot an arrow. The arrow hits the arcanist!!
The arrow freezes the arcanist!
You kill the arcanist!
The yaktaur captain shoots a slug.
The slug hits you!!
* * * LOW HITPOINT WARNING * * *
The slug freezes you.
* * * LOW HITPOINT WARNING * * *
You take 37 damage, and have 13/125 hp.
MASSIVE DAMAGE!!
You feel much better.
A yaktaur captain comes into view.
The orc knight is engulfed in noxious fumes.
The yaktaur captain shoots a slug.
The slug hits you!!
* * * LOW HITPOINT WARNING * * *
The slug freezes you.
* * * LOW HITPOINT WARNING * * *
You take 10 damage, and have 3/125 hp.
As you read the scroll of teleportation, it crumbles to dust.
You feel strangely unstable.
The yaktaur captain shoots a slug.
The slug hits you!!
You die...

#.(....'.
#......#
#......#
#......#
#..[...#
#......#
☼##...o○○#
.c○...☼§°#
°#...☼@○#
########


You could see a yaktaur captain and an orc knight (confused).

Vanquished Creatures
  Saint Roka (Snake:2)
  Vashnia (Snake:3)
  5 tentacled monstrosities
  Aizul (Vaults:1)
  A sphinx (Vaults:2)
  2 nagarajas
  2 vault wardens (Vaults:1)
  An orc warlord (Orc:2)
  2 ironbound thunderhulks
  7 eleionomae
  2 formless jellyfish (Vaults:1)
  7 ironbound preservers
  Azrael (Snake:2)
  An ettin (D:12)
  2 yaktaur captains (Vaults:1)
  3 entropy weavers (Vaults:2)
  A fire dragon (D:15)
  5 salamander tyrants
  2 great orbs of eyes
  12 alligators
  2 vault guards (Vaults:1)
  7 centaur warriors
  12 hydras
  3 catoblepae (Lair:5)
  2 rakshasas (D:15)
  A boulder beetle (Vaults:1)
  2 ironbound frosthearts (Vaults:1)
  6 anacondas
  12 death yaks
  6 two-headed ogres
  A death knight (D:13)
  2 tengu warriors
  4 orc high priests
  14 naga sharpshooters
  11 naga warriors
  2 occultists (D:15)
  3 shock serpents
  Amaemon (D:8)
  A skyshark (Lair:2)
  2 salamander mystics
  3 skeletal warriors (D:13)
  2 sea snakes (Snake:4)
  5 goliath frogs
  2 mana vipers
  15 deep trolls
  6 bog bodies
  4 naga ritualists
  9 swamp dragons
  3 arcanists
  5 ironbound convokers
  3 deep elf pyromancers
  A necromancer (Vaults:1)
  A stone giant zombie (Vaults:1)
  7 orc knights
  5 manticores
  14 ugly things
  2 will-o-the-wisps (Swamp:2)
  12 salamanders
  7 orc sorcerers
  A kobold blastminer (Orc:2)
  4 cyclopes
  4 meliai
  22 elephants
  2 guardian serpents (Snake:4)
  2 centaur zombies (D:15)
  2 vault sentinels (Vaults:1)
  A water nymph (D:14)
  17 naga magi
  27 black mambas
  An orange demon (D:8)
  12 cane toads
  4 rime drakes
  2 gargoyles (D:10)
  2 efreet (D:14)
  10 komodo dragons
  An unseen horror (D:12)
  5 yaktaurs (Vaults:2)
  2 tengu conjurers
  2 kobold demonologists
  A bloated husk (Swamp:2)
  6 tyrant leeches
  6 polar bears
  11 trolls
  9 hornets
  A tarantella (Vaults:2)
  5 dream sheep (Lair:5)
  38 blink frogs
  18 slime creatures
  A centaur simulacrum (D:15)
  A vampire (D:8)
  3 wraiths
  7 spriggans
  A culicivora (Vaults:2)
  42 yaks
  3 wyverns
  An elf zombie (Vaults:1)
  3 basilisks
  3 fire elementals (Snake:2)
  6 wargs
  A steam dragon (D:6)
  16 vampire mosquitoes
  Grum (D:8)
  5 redbacks (Vaults:2)
  Menkaure (Ossuary)
  43 nagas
  16 swamp worms
  4 hell hounds
  11 water moccasins
  2 human skeletons (Vaults:1)
  3 ice beasts
  A swamp drake (Snake:2)
  26 orc warriors
  3 black bears
  2 sky beasts
  2 ogres
  22 wolves
  6 centaurs
  6 kobold brigands
  A phantom (D:6)
  A weeping skull (D:6)
  A gnoll sergeant (D:9)
  13 bullfrogs
  4 scorpions
  5 wights (D:7)
  14 killer bees (D:9)
  3 electric eels
  6 howler monkeys
  2 wyvern simulacra (D:8)
  2 hounds (D:5)
  A jelly (D:5)
  A gnoll bouda (D:7)
  13 orc priests
  2 sleepcaps (D:6)
  3 iguanas
  17 orc wizards
  9 hell rats
  4 mummies
  7 adders
  14 gnolls
  5 white imps
  2 ufetubi (D:8)
  2 ribbon worms
  7 dart slugs
  76 orcs
  8 endoplasms
  A giant cockroach (D:1)
  5 gnoll zombies (Ossuary)
  8 goblins
  7 hobgoblins
  2 jackals (D:1)
  26 kobolds
  A quokka (D:1)
  6 ball pythons
  5 bats
  8 gnoll skeletons (Ossuary)
  4 goblin skeletons (Ossuary)
  3 goblin zombies
  A hobgoblin skeleton (Ossuary)
  4 hobgoblin zombies (Ossuary)
  4 kobold skeletons (Ossuary)
  5 kobold zombies (Ossuary)
  4 orc skeletons (Ossuary)
  7 orc zombies
  2 rats
  4 rat skeletons (Ossuary)
  3 rat zombies (Ossuary)
  A spectral orc (D:6)
1053 creatures vanquished.

Vanquished Creatures (others)
  An ugly thing (D:15)
  A black mamba (Snake:4)
  A kobold (D:8)
  8 foxfires
11 creatures vanquished.

Grand Total: 1064 creatures vanquished

Notes
Turn   | Place    | Note
-------+----------+-------------------------------------------
     0 | D:1      | gimp the Demigod Hunter began the quest for the Orb.
     0 | D:1      | Reached XP level 1. HP: 17/17 MP: 3/3
   203 | D:1      | Reached XP level 2. HP: 24/24 MP: 4/4
   294 | D:1      | Reached skill level 4 in Ranged Weapons
   770 | D:2      | Reached XP level 3. HP: 30/30 MP: 5/5
  1264 | D:2      | Noticed Terence
  1421 | D:3      | Reached XP level 4. HP: 22/37 MP: 6/6
  2330 | D:3      | Reached skill level 5 in Ranged Weapons
  2878 | D:4      | Reached XP level 5. HP: 37/45 MP: 7/7
  3018 | D:4      | Found a staircase to the Ecumenical Temple.
  3024 | Temple   | Entered the Ecumenical Temple
  3224 | D:4      | Noticed a black bear
  3423 | D:5      | Entered Level 5 of the Dungeon
  3501 | D:5      | Found a sand-covered staircase.
  3541 | Ossuary  | Entered an ossuary
  3926 | Ossuary  | Noticed Menkaure
  3938 | Ossuary  | Killed Menkaure
  3939 | Ossuary  | Reached skill level 6 in Ranged Weapons
  3939 | Ossuary  | Reached XP level 6. HP: 52/52 MP: 8/8
  4216 | D:5      | Identified the +0 cloak "Jesho" {Rampage rF+ rC- Int+2}
  4265 | D:5      | Reached XP level 7. HP: 60/60 MP: 9/9
  4387 | D:5      | Reached skill level 7 in Ranged Weapons
  4671 | D:6      | Noticed a steam dragon
  4671 | D:6      | Found a runed translucent gate.
  4671 | D:6      | Found a runed translucent gate.
  4671 | D:6      | Found a runed translucent gate.
  4672 | D:6      | Noticed Fractals's ghost (novice OpBr)
  4894 | D:6      | Noticed a kobold demonologist
  4956 | D:7      | Reached skill level 5 in Fighting
  5163 | D:7      | Noticed Jeremiah
  5529 | D:6      | Killed a steam dragon
  5530 | D:6      | Reached skill level 8 in Ranged Weapons
  5640 | D:6      | Reached XP level 8. HP: 68/68 MP: 10/10
  5831 | D:6      | Learned a level 1 spell: Apportation
  6016 | D:7      | Reached skill level 9 in Ranged Weapons
  6718 | D:8      | Reached skill level 10 in Ranged Weapons
  6756 | D:8      | Noticed a kobold demonologist
  6767 | D:8      | Noticed a polar bear
  6767 | D:8      | Noticed a brown ugly thing
  6783 | D:8      | Reached XP level 9. HP: 35/74 MP: 11/11
  6982 | D:8      | Reached skill level 5 in Dodging
  7041 | D:8      | Noticed Amaemon
  7555 | D:9      | Reached skill level 11 in Ranged Weapons
  7624 | D:9      | Noticed a two-headed ogre
  7726 | D:9      | Learned a level 3 spell: Mephitic Cloud
  7851 | D:9      | Reached skill level 1 in Air Magic
  7851 | D:9      | Reached skill level 1 in Alchemy
  8063 | D:9      | Killed a two-headed ogre
  8064 | D:9      | Reached XP level 10. HP: 53/81 MP: 13/13
  8169 | D:9      | Identified the amulet of the Akabeko {Faith Str+5 Dex-3}
  8247 | D:10     | Entered Level 10 of the Dungeon
  8462 | D:10     | Found a runed translucent gate.
  8857 | D:10     | Found a runed translucent gate.
  8857 | D:10     | Found a runed translucent gate.
  8858 | D:10     | Noticed gimp's ghost (journeyman TeWr)
  9067 | D:10     | Reached skill level 12 in Ranged Weapons
  9694 | D:11     | Noticed a two-headed ogre
  9709 | D:11     | Killed a two-headed ogre
  9903 | D:11     | Noticed Gastronok
 10072 | D:11     | Noticed a cyclops
 10095 | D:11     | Killed a cyclops
 10625 | D:8      | Noticed an elephant
 10650 | D:8      | Killed an elephant
 10766 | D:8      | Noticed a smoke demon
 11018 | D:8      | Noticed Grum
 11039 | D:8      | Noticed an elephant
 11061 | D:8      | Killed Grum
 11068 | D:8      | Reached skill level 13 in Ranged Weapons
 11137 | D:8      | Noticed Psyche
 11386 | D:8      | Reached XP level 11. HP: 83/86 MP: 14/14
 11552 | D:7      | Noticed Maurice
 11703 | D:8      | Found a staircase to the Lair.
 11761 | Lair:1   | Entered Level 1 of the Lair of Beasts
 11771 | Lair:1   | Found a transporter.
 11771 | Lair:1   | Found a transporter.
 11771 | Lair:1   | Noticed pigah's ghost (journeyman CoGl)
 11802 | Lair:1   | Reached skill level 5 in Alchemy
 11806 | Lair:1   | Reached skill level 1 in Conjurations
 11806 | Lair:1   | Reached skill level 5 in Air Magic
 13218 | Lair:2   | Reached skill level 14 in Ranged Weapons
 13358 | Lair:2   | Found a transporter.
 13361 | Lair:2   | Found a transporter.
 13361 | Lair:2   | Noticed a boulder beetle
 13361 | Lair:2   | Noticed a boulder beetle
 13791 | Lair:2   | Found a staircase to the Snake Pit.
 13894 | Lair:2   | Noticed a five-headed hydra
 14062 | Lair:2   | Killed a five-headed hydra
 14063 | Lair:2   | Reached skill level 1 in Evocations
 14450 | Lair:2   | Reached skill level 5 in Conjurations
 14570 | Lair:2   | Reached skill level 1 in Spellcasting
 14630 | Lair:2   | Reached XP level 12. HP: 94/94 MP: 15/17
 15584 | Lair:3   | Reached skill level 15 in Ranged Weapons
 15687 | Lair:3   | Learned a level 4 spell: Leda's Liquefaction
 16081 | Lair:3   | You fall into a shaft and drop 2 floors!
 16081 | Lair:5   | Entered Level 5 of the Lair of Beasts
 16089 | Lair:5   | Reached skill level 5 in Evocations
 16166 | Lair:5   | Noticed a catoblepas
 16180 | Lair:5   | Killed a catoblepas
 16465 | Lair:5   | Found a staircase to the Slime Pits.
 16595 | Lair:5   | Noticed a seven-headed hydra
 16874 | Lair:4   | Noticed a five-headed hydra
 16925 | Lair:5   | Noticed an eight-headed hydra
 16932 | Lair:5   | Reached skill level 5 in Spellcasting
 16932 | Lair:5   | Reached XP level 13. HP: 85/100 MP: 17/24
 17687 | Lair:3   | Found a staircase to the Swamp.
 17770 | Lair:4   | Reached skill level 16 in Ranged Weapons
 18372 | Lair:4   | Identified a scroll of acquirement
 19743 | Lair:5   | Reached skill level 17 in Ranged Weapons
 20155 | Lair:5   | Reached XP level 14. HP: 101/107 MP: 25/28
 20363 | Lair:5   | Identified the +0 helmet "Geadusch" {rElec Dex+3 Slay+3}
 20997 | D:12     | Found a staircase to the Orcish Mines.
 22059 | D:12     | Acquired 757 gold pieces
 22218 | Orc:1    | Entered Level 1 of the Orcish Mines
 22760 | Orc:2    | Entered Level 2 of the Orcish Mines
 23365 | Orc:2    | Found a staircase to the Elven Halls.
 23511 | Orc:2    | Reached skill level 18 in Ranged Weapons
 24216 | Orc:2    | Reached skill level 10 in Dodging
 24222 | Orc:2    | Found Ivedd's Assorted Antiques.
 24222 | Orc:2    | Found Qijiluaq's General Store.
 24224 | Orc:2    | Found Ameur's Antique Weapon Boutique.
 24224 | Orc:2    | Found Eliymett's Distillery.
 24293 | Orc:2    | Bought a scroll of teleportation for 36 gold pieces
 24293 | Orc:2    | Bought a scroll of teleportation for 36 gold pieces
 24426 | Orc:2    | Noticed an orc warlord
 24433 | Orc:2    | Killed an orc warlord
 24564 | Orc:2    | Bought a scroll of brand weapon for 114 gold pieces
 24568 | Orc:2    | Bought a potion of curing for 42 gold pieces
 24568 | Orc:2    | Bought a potion of heal wounds for 70 gold pieces
 24568 | Orc:2    | Bought a potion of ambrosia for 112 gold pieces
 24568 | Orc:2    | Bought a potion of curing for 42 gold pieces
 24568 | Orc:2    | Bought a potion of cancellation for 112 gold pieces
 24816 | D:13     | Learned a level 5 spell: Irradiate
 25955 | D:14     | Noticed an ironbound preserver
 25965 | D:14     | Found a gate to the Vaults.
 25988 | D:14     | Killed an ironbound preserver
 26163 | D:14     | Reached XP level 15. HP: 108/113 MP: 31/31
 26375 | D:15     | Entered Level 15 of the Dungeon
 26732 | D:15     | Reached skill level 19 in Ranged Weapons
 27204 | D:15     | Found a staircase to the Depths.
 27283 | D:15     | Found Raanab's Book Emporium.
 27551 | Snake:1  | Entered Level 1 of the Snake Pit
 27820 | Snake:1  | Reached skill level 1 in Earth Magic
 27887 | Snake:1  | Found Qymiti's Armour Emporium.
 28924 | Snake:2  | Noticed a tentacled monstrosity
 29096 | Snake:2  | Noticed a tentacled monstrosity
 29108 | Snake:2  | Killed a tentacled monstrosity
 29426 | Snake:2  | Noticed Saint Roka
 29468 | Snake:2  | Killed Saint Roka
 29656 | Snake:2  | Noticed Azrael
 29663 | Snake:2  | Killed Azrael
 29790 | Snake:2  | Noticed a tentacled monstrosity
 29814 | Snake:2  | Killed a tentacled monstrosity
 29977 | Snake:2  | Reached skill level 1 in Armour
 30184 | Snake:2  | Killed a tentacled monstrosity
 30915 | Snake:3  | Reached skill level 20 in Ranged Weapons
 30915 | Snake:3  | Reached XP level 16. HP: 110/122 MP: 32/32
 30919 | Snake:3  | Noticed Vashnia
 30940 | Snake:3  | Killed Vashnia
 31410 | Snake:3  | Reached skill level 5 in Earth Magic
 32128 | Snake:4  | Entered Level 4 of the Snake Pit
 32185 | Snake:4  | Found Tytteolivo's Jewellery Shop.
 32186 | Snake:4  | Found Lemetir's Book Shoppe.
 32186 | Snake:4  | Found Mieg's Book Shoppe.
 32236 | Snake:4  | Found a flickering gateway to a bazaar.
 32265 | Bazaar   | Entered a bazaar
 32274 | Bazaar   | Found Ynguef's Distillery.
 32278 | Bazaar   | Found Liusemn's Armour Boutique.
 32300 | Bazaar   | Found Qoqenk's Antique Weapon Shop.
 32308 | Bazaar   | Found Wosuk's Antique Weapon Shoppe.
 32313 | Bazaar   | Found Coexir's Distillery.
 33396 | Snake:4  | Reached skill level 5 in Armour
 34694 | Snake:4  | Got a serpentine rune of Zot
 34887 | Swamp:1  | Entered Level 1 of the Swamp
 35038 | Snake:4  | Bought the ring "Asorphuab" {rC+ Str+2 Int+5 Dex+2 SInv}
                  | for 991 gold pieces
 35044 | Snake:4  | Bought Great Wizards, Vol. VII for 600 gold pieces
 35050 | Snake:4  | Learned a level 4 spell: Passage of Golubria
 35992 | Swamp:2  | Identified the +2 scimitar of Sadgh {heavy, rF+ rN+}
 36568 | Swamp:3  | Reached XP level 17. HP: 117/128 MP: 35/35
 36613 | Swamp:3  | Noticed a tentacled monstrosity
 36620 | Swamp:3  | Killed a tentacled monstrosity
 36621 | Swamp:3  | Reached skill level 10 in Alchemy
 36742 | Swamp:3  | Noticed a tentacled monstrosity
 36751 | Swamp:3  | Killed a tentacled monstrosity
 37008 | Swamp:4  | Entered Level 4 of the Swamp
 37577 | D:8      | Killed Amaemon
 37768 | Vaults:1 | Entered Level 1 of the Vaults
 37819 | Vaults:1 | Identified the serpent talisman "Ucaniese" {*Corrode rN+
                  | Int+5 Dex-2}
 37819 | Vaults:1 | Noticed Aizul
 37839 | Vaults:1 | Killed Aizul
 37840 | Vaults:1 | Reached skill level 10 in Spellcasting
 38190 | Vaults:1 | Found a runed translucent door.
 38190 | Vaults:1 | Noticed Yhagabbo's ghost (adept DrCj)
 39554 | Vaults:1 | Paralysed by a formless jellyfish for 1 turns
 40294 | Vaults:2 | Found Veppikhlu's Antique Armour Shop.
 40713 | Vaults:2 | HP: 3/125 [yaktaur captain/slug (4)]
 40714 | Vaults:2 | Shot with a slug by a yaktaur captain

Illustrated notes

Levels and vault maps discovered:
D:1:      erik_arrival_orb_chamber, layout_loops_ring,
          hellmonk_ecumenical_altar_inner_sanctum, grunt_decor_arrowhead
D:2:      layout_loops_cross, serial_park_tiny_2, uniq_terence
D:3:      layout_basic, fountainhead, chequers_serial_rivers_micro_a
D:4:      layout_loops_ring, minmay_temple_entry_enclosed_plants, serial_glass,
          glass_columns_a, glass_columns_b
D:5:      layout_loops_ring, trog_book, nicolae_ossuary_entry_giza,
          hangedman_decor_riveting, kennysheep_nub
D:6:      layout_basic, yredelemnul_forgotten_temple_becter, minitemple,
          gammafunk_ghost_nasty_kobolds
D:7:      layout_basic, lemuel_round_altar, nicolae_overflow_crystal_walls,
          uniq_jeremiah, uniq_maurice
D:8:      layout_basic, mainiacjoe_overflow_cross_hatched,
          mainiacjoe_overflow_brackets, grunt_lair_entry_orc_guard_hut,
          serial_ice, serial_ice_o, serial_ice_i, serial_ice_e, serial_ice_a,
          serial_ice_f, serial_ice_h, uniq_grum, uniq_amaemon, uniq_psyche
D:9:      layout_roguey
D:10:     layout_cave_pods, nemelex_spade_bored_becter, tso_oasis_becter,
          gammafunk_ghost_spectres
D:11:     layout_loops_cross, chequers_serial_rivers_micro_e,
          minmay_misc_feat_enclosed, uniq_gastronok
D:12:     layout_cave_pods, minmay_orc_entry_temple_small
D:13:     layout_cave_pods
D:14:     layout_loops_ring, skrybe_vaults_entry_preservation,
          grunt_decor_clamped
D:15:     grunt_enter_depths_magical_seal, layout_basic, serial_shops, shop,
          nicolae_hepliaklqana_hazy_memory
Temple:   nicolae_temple_bog_church
Lair:1:   layout_roguey, gammafunk_ghost_hive, infiniplex_staircase_pool
Lair:2:   gammafunk_boulding_lane, layout_regular_city,
          alex1729_snake_entry_snake, lemuel_fruit_tree
Lair:3:   layout_layer_cave, nicolae_swamp_entry_splash_gauntlet
Lair:4:   layout_regular_city, grunt_megastairs_3
Lair:5:   evilmike_catoblepas_cave, layout_loops_ring, slime_entry_1
Swamp:1:  layout_basic_swamp, nicolae_swamp_godswood, swamp_pool_1_2
Swamp:2:  layout_falls_marsh, evilmike_swamp_ruin_rubble_2,
          nicolae_swamp_decorative_isthmus
Swamp:3:  layout_basic_swamp, evilmike_swamp_ruin_house_4
Swamp:4:  swamp_basic_johnstein, layout_basic_swamp
Snake:1:  layout_honeycomb, serial_shops, shop
Snake:2:  onia_ninara_swampy_vault, layout_layer_cave, uniq_azrael,
          uniq_saint_roka
Snake:3:  layout_honeycomb, uniq_vashnia
Snake:4:  minmay_snake_end_coiled, layout_misc_corridors, basic_altar,
          serial_shops, bzr_entry_customers, serial_bayou_shore_a,
          minmay_shop_grove
Orc:1:    layout_diamond_mine
Orc:2:    grunt_orc_tribal_feast, layout_caves, basic_altar
Vaults:1: gammafunk_ghost_grave, vaults_room_hallway, v_rooms_2,
          nicolae_vaults_tetromino_T_2, lemuel_angel_altar,
          nicolae_vaults_trapezoid_lopsided_1, vaults_room_fours,
          ontoclasm_vaults_gateway, dpeg_vaults_monster_box,
          layout_vaults_omnigrid, uniq_aizul
Vaults:2: v_misc_12, v_misc_4, nicolae_vaults_network_quinsquares
          [nicolae_vaults_network_quincunx_subvault,
          nicolae_vaults_network_quincunx_subvault,
          nicolae_vaults_network_quincunx_subvault,
          nicolae_vaults_network_quincunx_subvault],
          nicolae_vaults_oval_intersection, v_alt_pattern_4,
          vaults_standard_mumra_x, nicolae_vaults_sesquioval_fish,
          vaults_room_corners, vaults_dpeg_hooks, nicolae_vaults_tetromino_Z_2,
          layout_vaults_ring, serial_shops, nicolae_shop_waterfront, shop,
          nicolae_shop_pleasant_corner_grove, uniq_mennas

Skill      XL: |  1  2  3  4  5  6  7  8  9 10 11 12 13 14 15 16 17 |
---------------+----------------------------------------------------+-----
Fighting       | 2 3 4 5 6 |  6.0
Ranged Weapons | 4 5 6 8 10 11 13 14 15 17 18 20 | 20.0
Dodging        | 2 4 6 7 8 10 11 | 11.0
Air Magic      | 2 4 5 |  5.0
Alchemy        | 2 4 5 7 9 10 | 10.0
Conjurations   | 5 8 |  8.0
Evocations     | 2 5 |  5.0
Spellcasting   | 1 5 7 8 9 11 | 11.6
Earth Magic    | 4 7 |  7.0
Armour         | 2 6 9 |  9.0
Stealth        | |  0.8

Action                     |  1- 3 |  4- 6 |  7- 9 | 10-12 | 13-15 | 16-18 || total
---------------------------+-------+-------+-------+-------+-------+-------++-------
   Fire: Shortbow          |   128 |   282 |   425 |   969 |       |       ||  1804
         Longbow           |       |       |       |   207 |  1553 |  1035 ||  2795
   Cast: Mephitic Cloud    |       |       |       |    30 |    19 |     3 ||    52
         Apportation       |       |       |       |     1 |       |     2 ||     3
         Leda's Liquefacti |       |       |       |       |     3 |     1 ||     4
         Irradiate         |       |       |       |       |       |     7 ||     7
  Evoke: Wand              |       |       |     9 |     6 |       |     3 ||    18
         Phantom mirror    |       |       |       |       |     1 |       ||     1
    Use: Scroll            |       |    13 |     5 |    14 |    10 |     6 ||    48
         Potion            |       |     1 |     1 |     1 |       |     5 ||     8
 Armour: Leather armour    |    26 |    30 |    23 |       |    47 |    62 ||   188
         Skin              |       |    11 |       |       |       |       ||    11
         Steam dragon scal |       |       |    75 |   227 |   137 |       ||   439
         Robe              |       |       |       |       |    61 |       ||    61
         Swamp dragon scal |       |       |       |       |    29 |   207 ||   236
  Dodge: Dodged            |    38 |    46 |   230 |   554 |   717 |   311 ||  1896
  Block: Other             |       |       |       |       |   119 |    63 ||   182
         Reflection        |       |       |       |       |     6 |     9 ||    15

Table legend: (Time is in decaauts)
 A = Elapsed time spent in this place.
 B = Non-inter-level travel time spent in this place.
 C = Inter-level travel time spent in this place.
 D = Time resting spent in this place.
 E = Time spent auto-exploring this place.
 F = Levels seen in this place.
 G = Mean time per level.
                   A        B        C        D        E       F      G
               +--------+--------+--------+--------+--------+-----+--------+
         Total |  40244 |  37400 |   2844 |   1695 |  27543 |  35 | 1149.8 |
       Dungeon |  16135 |  14898 |   1237 |    552 |  11132 |  15 | 1075.7 |
        Temple |      1 |      1 |      0 |      0 |      0 |   1 |    1.0 |
          Lair |   8957 |   8117 |    840 |   1010 |   5037 |   5 | 1791.4 |
         Swamp |   2378 |   2266 |    112 |      0 |   1895 |   4 |  594.5 |
     Snake Pit |   7207 |   6761 |    446 |      0 |   5545 |   4 | 1801.8 |
  Orcish Mines |   2103 |   1945 |    158 |    100 |   1324 |   2 | 1051.5 |
        Vaults |   2851 |   2802 |     49 |      1 |   2309 |   2 | 1425.5 |
        Bazaar |     82 |     82 |      0 |      0 |     48 |   1 |   82.0 |
       Ossuary |    526 |    526 |      0 |     30 |    251 |   1 |  526.0 |
               +--------+--------+--------+--------+--------+-----+--------+

Top non-repeatable levels by time:
Vaults:1: 2477 daAuts
  Lair:2: 2327 daAuts
  Lair:5: 2320 daAuts
 Snake:2: 2071 daAuts
 Snake:4: 1925 daAuts
 Snake:3: 1809 daAuts
     D:8: 1694 daAuts
  Lair:3: 1666 daAuts
    D:12: 1623 daAuts
  Lair:1: 1490 daAuts
 Snake:1: 1401 daAuts
     D:3: 1395 daAuts
     D:7: 1345 daAuts
    D:10: 1254 daAuts
     D:9: 1219 daAuts
